 Dungeon Crawl Stone Soup version 0.28.0-62-gf88900778d (webtiles) character file.

Game seed: 16500470952401481062

1195 kingofthe the Chopper (level 8, -4/67 HPs)
             Began as a Gnoll Chaos Knight on Mar 19, 2023.
             Was a Plaything of Xom.
             Slain by a tyrant leech (glowing shapeshifter) (17 damage)
             ... on level 4 of the Dungeon.
             The game lasted 00:13:51 (4505 turns).

kingofthe the Chopper (Gnoll Chaos Knight)          Turns: 4505, Time: 00:13:52

Health: -4/67      AC: 30    Str: 13 (16) XL:     8   Next: 44%
Magic:  12/12      EV:  4    Int: 11 (12) God:    Xom [....*.]
Gold:   173        SH:  0    Dex: 12 (14) Spells: 11/13 levels left

rFire   . . .      SeeInvis .   a - +0 hand axe (chaos)
rCold   . . .      Faith    .   (no shield)
rNeg    . . .      Spirit   .   k - +12 plate armour of Ebaocs {rElec Str+5}
rPois   .          Reflect  .   q - +2 helmet
rElec   +          Harm     .   (no cloak)
rCorr   .          Rampage  .   p - +1 pair of gloves
Will    ++...                   (no boots)
Stlth   ..........              j - amulet of magic regeneration
HPRegen 0.21/turn               d - ring of willpower
MPRegen 0.53/turn               e - ring of willpower

@: unable to read
A: fangs 1, strong nose, distributed training, screaming 1, inability to read
while threatened
a: Renounce Religion


You were on level 4 of the Dungeon.
You worshipped Xom.
You were a beloved toy of Xom.
You visited 1 branch of the dungeon, and saw 5 of its levels.

You collected 173 gold pieces.


Innate Abilities, Weirdness & Mutations

You have very sharp teeth.
Your uncanny sense of smell can sniff out nearby items.
Your experience applies equally to all skills.
You occasionally shout uncontrollably at your foes.
You sometimes lose the ability to read scrolls when taking damage.


   Skills:
 + Level 7.4 Fighting
 + Level 3.2 Short Blades
 + Level 3.2 Long Blades
 + Level 7.4 Axes
 + Level 3.2 Maces & Flails
 + Level 3.2 Polearms
 + Level 3.2 Staves
 + Level 3.2 Slings
 + Level 3.2 Bows
 + Level 3.2 Crossbows
 + Level 3.2 Throwing
 + Level 5.7 Armour
 + Level 4.2 Dodging
 + Level 3.2 Stealth
 + Level 3.2 Shields
 + Level 3.2 Unarmed Combat
 + Level 3.2 Spellcasting
 + Level 2.6 Conjurations
 + Level 2.6 Hexes
 + Level 2.6 Summonings
 + Level 2.6 Necromancy
 + Level 2.6 Translocations
 + Level 2.6 Transmutations
 + Level 2.6 Fire Magic
 + Level 2.6 Ice Magic
 + Level 2.6 Air Magic
 + Level 2.6 Earth Magic
 + Level 2.6 Poison Magic
 + Level 3.6 Invocations
 + Level 3.2 Evocations


You had 11 spell levels left.
You knew the following spells:

 Your Spells              Type           Power      Damage    Failure   Level
a - Wereblood             Tmut           7%         N/A       100%        2

Your spell library contained the following spells:

 Spells                   Type           Power      Damage    Failure   Level
 Sublimation of Blood     Necr           7%         N/A       100%        2
 Summon Hydra             Summ           3%         N/A       100%        7

Inventory:

Hand Weapons
 a - a +0 hand axe of chaos (weapon)
 b - a +0 hunting sling
 i - a +1 falchion of draining
 m - a +1 dagger of flaming
Armour
 k - the +12 plate armour of Ebaocs (worn) {rElec Str+5}
   (Xom gifted it to you on level 2 of the Dungeon)

   Str:       It affects your strength (+5).
   rElec:     It insulates you from electricity.
 p - a +1 pair of gloves (worn)
 q - a +2 helmet (worn)
 r - a +2 leather armour
Magical Staves
 l - a staff of air {!a}
Jewellery
 d - a ring of willpower (left hand)
 e - a ring of willpower (right hand)
 j - an amulet of magic regeneration (around neck)
Wands
 u - a wand of flame (17)
Scrolls
 f - 4 scrolls of identify {@r1}
 g - 4 scrolls of immolation
 h - a scroll of blinking {unknown}
 t - 2 scrolls of enchant weapon
Potions
 c - a potion of degeneration
 n - 2 potions of attraction
 o - a potion of flight

Dungeon Overview and Level Annotations

Branches:
Dungeon (5/15)
 Temple: D:4-7

Altars:
Dithmenos
Trog
Uskayaw

....#........#............#...#
....#...######............#...#
....#...## #............#...#
....'....# #............#...#
....#....# #............#...#
....#....# #............#####
....#...######....####....#
....#...##...#....# #....#
....#...+....#..@.# #....#
....#...#....#..w.# #....#
....#...##)..#.[..# #....#
....#..)##...#....# #....#
....#....#...'....# #....#
....#....'...#....# #....#
#####....#...###### ######
#.....#...# #.....#...#


You could see a tyrant leech shaped shifter.


Message History

The elephant trunk-slaps you.
* * * LOW HITPOINT WARNING * * *
You hit the elephant but do no damage.
The elephant is lightly wounded.
The elephant tramples you!
* * * LOW HITPOINT WARNING * * *
You stumble backwards!
You hit the elephant but do no damage.
The elephant suddenly seems more agile.
The elephant is lightly wounded.
The elephant changes into a snapping turtle!
You hit the snapping turtle but do no damage.
The snapping turtle is poisoned.
You hit the snapping turtle but do no damage.
The snapping turtle is lightly wounded.
The snapping turtle changes into a slime creature!
You hit the slime creature.
The slime creature is poisoned.
The slime creature is lightly wounded.
The slime creature changes into a tyrant leech!
You barely miss the tyrant leech. Your punch misses the tyrant leech.
You hit the tyrant leech but do no damage.
Lightning courses through the tyrant leech!!
The tyrant leech is moderately wounded.
The tyrant leech closely misses you.
You hit the tyrant leech but do no damage.
Your bite misses the tyrant leech.
The tyrant leech is moderately wounded.
The tyrant leech bites you!
You feel threatened and lose the ability to read scrolls!
You die...
Xom bursts into laughter!

Skill      XL: |  1  2  3  4  5  6  7 |
---------------+----------------------+-----
Invocations    | 1 2 3 |  3.6
Short Blades   | 1 2 3 |  3.2
Long Blades    | 1 2 3 |  3.2
Maces & Flails | 1 2 3 |  3.2
Polearms       | 1 2 3 |  3.2
Staves         | 1 2 3 |  3.2
Slings         | 1 2 3 |  3.2
Bows           | 1 2 3 |  3.2
Crossbows      | 1 2 3 |  3.2
Throwing       | 1 2 3 |  3.2
Stealth        | 1 2 3 |  3.2
Shields        | 1 2 3 |  3.2
Unarmed Combat | 1 2 3 |  3.2
Spellcasting   | 1 2 3 |  3.2
Evocations     | 1 2 3 |  3.2
Conjurations   | 1 2 |  2.6
Hexes          | 1 2 |  2.6
Summonings     | 1 2 |  2.6
Necromancy     | 1 2 |  2.6
Translocations | 1 2 |  2.6
Transmutations | 1 2 |  2.6
Fire Magic     | 1 2 |  2.6
Ice Magic      | 1 2 |  2.6
Air Magic      | 1 2 |  2.6
Earth Magic    | 1 2 |  2.6
Poison Magic   | 1 2 |  2.6
Dodging        | 3 4 |  4.2
Armour         | 5 |  5.7
Fighting       | 7 |  7.4
Axes           | 7 |  7.4

Action                   |  1- 3 |  4- 6 |  7- 9 || total
-------------------------+-------+-------+-------++-------
Melee: Hand axe          |    89 |   251 |    61 ||   401
       Bite              |     6 |    20 |    14 ||    40
       Punch             |     1 |     7 |       ||     8
  Use: Potion            |       |       |     5 ||     5
       Scroll            |       |       |     2 ||     2
 Stab: Paralysed         |       |     6 |       ||     6
       Confused          |       |       |     1 ||     1
Armor: Leather armour    |    29 |       |       ||    29
       Plate armour      |     8 |   255 |    76 ||   339
Dodge: Dodged            |    49 |    83 |     7 ||   139

Levels and vault maps discovered:
D:1:      psy_arrival_fountain, layout_loops_cross, serial_aquarium,
          aquarium_bridge_square [aquarium_subvault_bridge,
          aquarium_subvault_bridge, aquarium_subvault_bridge,
          aquarium_subvault_wall], aquarium_bridge_straight
          [aquarium_subvault_bridge, aquarium_subvault_window,
          aquarium_subvault_bridge, aquarium_subvault_wall], aquarium_window_1,
          aquarium_window_corridor_3, aquarium_view_2c
D:2:      layout_loops_ring, serial_co_window_serial,
          co_window_of_opportunity_a, co_window_paths_a, co_window_paths_a,
          co_window_paths_a, co_window_paths_b, co_window_broadway_c,
          co_window_corner_cb, co_window_2corner, co_window_paths_c,
          co_window_4corner_b, co_window_4corner_a, glass_columns_b,
          glass_columns_a, glass_columns_b, glass_columns_b, glass_columns_b
D:3:      layout_basic, mainiacjoe_overflow_small_starburst,
          shapermc_ecumenical_altar_gd, minmay_misc_feat_hallway
D:4:      kennysheep_slugbush, layout_gridville, trog_butcher_becter,
          overflow_temple_1_default
D:5:      layout_basic

Notes
Turn   | Place    | Note
-------+----------+-------------------------------------------
     0 | D:1      | kingofthe the Gnoll Chaos Knight began the quest for the
                  | Orb.
     0 | D:1      | Reached XP level 1. HP: 23/23 MP: 1/1
    41 | D:1      | XOM: silly message
   133 | D:1      | Reached XP level 2. HP: 20/29 MP: 2/2
   210 | D:1      | XOM: silly message
   228 | D:1      | XOM: god gift: ring of willpower
   507 | D:1      | XOM: silly message
   522 | D:1      | XOM: 5-stop teleportation journey
   771 | D:1      | Reached XP level 3. HP: 35/35 MP: 3/3
  1145 | D:2      | Reached skill level 1 in Invocations
  1362 | D:2      | Learned a level 2 spell: Wereblood
  1407 | D:2      | Reached skill level 1 in Short Blades
  1407 | D:2      | Reached skill level 1 in Long Blades
  1407 | D:2      | Reached skill level 1 in Maces & Flails
  1407 | D:2      | Reached skill level 1 in Polearms
  1407 | D:2      | Reached skill level 1 in Staves
  1407 | D:2      | Reached skill level 1 in Slings
  1407 | D:2      | Reached skill level 1 in Bows
  1407 | D:2      | Reached skill level 1 in Crossbows
  1407 | D:2      | Reached skill level 1 in Throwing
  1407 | D:2      | Reached skill level 1 in Stealth
  1407 | D:2      | Reached skill level 1 in Shields
  1407 | D:2      | Reached skill level 1 in Unarmed Combat
  1407 | D:2      | Reached skill level 1 in Spellcasting
  1407 | D:2      | Reached skill level 1 in Evocations
  1644 | D:2      | Identified the +12 plate armour of Ebaocs {rElec Str+5}
                  | (Xom gifted it to you on level 2 of the Dungeon)
  1644 | D:2      | XOM: god gift: +12 plate armour of Ebaocs {rElec Str+5}
  1791 | D:2      | Reached XP level 4. HP: 39/41 MP: 5/5
  1854 | D:2      | XOM: silly message
  2102 | D:3      | Found a hide-covered altar of Uskayaw.
  2105 | D:3      | XOM: enchant monster (bad)
  2116 | D:3      | XOM: silly message
  2216 | D:3      | XOM: 1-stop teleportation journey
  2228 | D:3      | Reached skill level 1 in Conjurations
  2228 | D:3      | Reached skill level 1 in Hexes
  2228 | D:3      | Reached skill level 1 in Summonings
  2228 | D:3      | Reached skill level 1 in Necromancy
  2228 | D:3      | Reached skill level 1 in Translocations
  2228 | D:3      | Reached skill level 1 in Transmutations
  2228 | D:3      | Reached skill level 1 in Fire Magic
  2228 | D:3      | Reached skill level 1 in Ice Magic
  2228 | D:3      | Reached skill level 1 in Air Magic
  2228 | D:3      | Reached skill level 1 in Earth Magic
  2228 | D:3      | Reached skill level 1 in Poison Magic
  2379 | D:3      | XOM: scenery: 1 doors open
  2468 | D:3      | Found a faded altar of an unknown god.
  2620 | D:3      | XOM: enchant monster (good)
  2631 | D:3      | XOM: god gift: 35 gold pieces
  2715 | D:3      | Reached XP level 5. HP: 43/47 MP: 5/7
  2720 | D:3      | Reached skill level 3 in Dodging
  3133 | D:4      | Found a shadowy altar of Dithmenos.
  3199 | D:4      | Found a bloodstained altar of Trog.
  3225 | D:4      | XOM: scenery: 1 doors close
  3251 | D:4      | XOM: noise
  3253 | D:4      | XOM: fog
  3256 | D:4      | Reached skill level 2 in Invocations
  3256 | D:4      | Reached XP level 6. HP: 44/53 MP: 8/8
  3309 | D:4      | XOM: scenery: 1 doors open
  3318 | D:4      | Reached skill level 5 in Armour
  3474 | D:4      | XOM: scenery: 2 doors open, 1 doors close
  3487 | D:4      | XOM: enchant monster (good)
  3494 | D:4      | Reached skill level 2 in Short Blades
  3494 | D:4      | Reached skill level 2 in Long Blades
  3494 | D:4      | Reached skill level 2 in Maces & Flails
  3494 | D:4      | Reached skill level 2 in Polearms
  3494 | D:4      | Reached skill level 2 in Staves
  3494 | D:4      | Reached skill level 2 in Slings
  3494 | D:4      | Reached skill level 2 in Bows
  3494 | D:4      | Reached skill level 2 in Crossbows
  3494 | D:4      | Reached skill level 2 in Throwing
  3494 | D:4      | Reached skill level 2 in Stealth
  3494 | D:4      | Reached skill level 2 in Shields
  3494 | D:4      | Reached skill level 2 in Unarmed Combat
  3494 | D:4      | Reached skill level 2 in Spellcasting
  3494 | D:4      | Reached skill level 2 in Evocations
  3542 | D:4      | XOM: enchant monster (good)
  3543 | D:4      | XOM: summons 4 hostile demons
  3644 | D:4      | XOM: give mutations
  3644 | D:4      | Gained mutation: You sometimes lose the ability to read
                  | scrolls when taking damage. [Xom's mischief]
  3644 | D:4      | Gained mutation: You occasionally shout uncontrollably at
                  | your foes. [Xom's mischief]
  3954 | D:4      | XOM: summons 3 hostile shadow creatures
  4094 | D:5      | Entered Level 5 of the Dungeon
  4108 | D:5      | XOM: scenery: summon butterflies
  4127 | D:5      | Noticed a shapeshifter
  4127 | D:5      | a scorpion changed into a shapeshifter
  4127 | D:5      | XOM: polymorph scorpion -> shapeshifter
  4127 | D:5      | Noticed a fire crab
  4127 | D:5      | a shapeshifter changed into a fire crab
  4128 | D:5      | Reached XP level 7. HP: 49/59 MP: 10/10
  4138 | D:5      | HP: 5/59 [fire crab (shapeshifter) (8)]
  4139 | D:5      | XOM: 4-stop teleportation journey
  4139 | D:5      | Killed a fire crab
  4140 | D:5      | Reached skill level 7 in Fighting
  4140 | D:5      | Reached skill level 3 in Short Blades
  4140 | D:5      | Reached skill level 3 in Long Blades
  4140 | D:5      | Reached skill level 7 in Axes
  4140 | D:5      | Reached skill level 3 in Maces & Flails
  4140 | D:5      | Reached skill level 3 in Polearms
  4140 | D:5      | Reached skill level 3 in Staves
  4140 | D:5      | Reached skill level 3 in Slings
  4140 | D:5      | Reached skill level 3 in Bows
  4140 | D:5      | Reached skill level 3 in Crossbows
  4140 | D:5      | Reached skill level 3 in Throwing
  4140 | D:5      | Reached skill level 4 in Dodging
  4140 | D:5      | Reached skill level 3 in Stealth
  4140 | D:5      | Reached skill level 3 in Shields
  4140 | D:5      | Reached skill level 3 in Unarmed Combat
  4140 | D:5      | Reached skill level 3 in Spellcasting
  4140 | D:5      | Reached skill level 2 in Conjurations
  4140 | D:5      | Reached skill level 2 in Hexes
  4140 | D:5      | Reached skill level 2 in Summonings
  4140 | D:5      | Reached skill level 2 in Necromancy
  4140 | D:5      | Reached skill level 2 in Translocations
  4140 | D:5      | Reached skill level 2 in Transmutations
  4140 | D:5      | Reached skill level 2 in Fire Magic
  4140 | D:5      | Reached skill level 2 in Ice Magic
  4140 | D:5      | Reached skill level 2 in Air Magic
  4140 | D:5      | Reached skill level 2 in Earth Magic
  4140 | D:5      | Reached skill level 2 in Poison Magic
  4140 | D:5      | Reached skill level 3 in Invocations
  4140 | D:5      | Reached skill level 3 in Evocations
  4140 | D:5      | Reached XP level 8. HP: 6/67 MP: 10/12
  4146 | D:5      | HP: 4/67 [orc/+0 hand axe (2)]
  4154 | D:5      | HP: 3/67 [bullfrog zombie (3)]
  4156 | D:5      | HP: 1/67 [bullfrog zombie (3)]
  4216 | D:5      | XOM: noise
  4444 | D:5      | XOM: god gift: scroll labelled YTZUON KETT {god gift}
  4488 | D:5      | Noticed a glowing shapeshifter
  4488 | D:5      | an adder changed into a glowing shapeshifter
  4488 | D:5      | Noticed an elephant
  4488 | D:5      | a glowing shapeshifter changed into an elephant
  4499 | D:4      | Noticed a snapping turtle
  4499 | D:4      | an elephant changed into a snapping turtle
  4501 | D:4      | Noticed a slime creature
  4501 | D:4      | a snapping turtle changed into a slime creature
  4502 | D:4      | Noticed a tyrant leech
  4502 | D:4      | a slime creature changed into a tyrant leech
  4505 | D:4      | Slain by a tyrant leech (glowing shapeshifter)

Vanquished Creatures
  A fire crab (shapeshifter) (D:5)
  A black bear (D:4)
  4 wights
  A bullfrog zombie (D:5)
  2 orc priests
  2 hounds (D:4)
  2 iguanas (D:4)
  An orc wizard (D:3)
  A hound skeleton (D:4)
  4 adders
  An adder skeleton (D:4)
  An adder zombie (D:5)
  4 worms
  8 dart slugs
  10 orcs
  4 bats
  6 endoplasms
  4 giant cockroaches
  8 goblins
  4 hobgoblins
  13 jackals
  5 kobolds
  3 quokkas
  7 ball pythons
  5 frilled lizards
  4 rats
106 creatures vanquished.

Vanquished Creatures (others)
  2 demonic plants (D:3)
  3 fungi (D:3)
  3 plants (D:3)
  2 withered plants (D:3)
10 creatures vanquished.

Grand Total: 116 creatures vanquished

Table legend: (Time is in decaauts)
 A = Elapsed time spent in this place.
 B = Non-inter-level travel time spent in this place.
 C = Inter-level travel time spent in this place.
 D = Time resting spent in this place.
 E = Time spent auto-exploring this place.
 F = Levels seen in this place.
 G = Mean time per level.
                   A        B        C        D        E       F      G
               +--------+--------+--------+--------+--------+-----+--------+
         Total |   4497 |   4349 |    148 |     32 |   3468 |   5 |  899.4 |
       Dungeon |   4497 |   4349 |    148 |     32 |   3468 |   5 |  899.4 |
               +--------+--------+--------+--------+--------+-----+--------+

Top non-repeatable levels by time:
     D:4: 1223 daAuts
     D:1: 1058 daAuts
     D:2: 1036 daAuts
     D:3: 1012 daAuts
     D:5: 166 daAuts

Table legend:
 A = Non-vault XP
 B = Vault XP
 C = Vault XP percentage of total XP
 D = Non-vault monster count
 E = Vault monster count
 F = Vault count percentage of total count
                 A         B        C        D         E       F
            +---------+---------+-------+---------+---------+-------
      Total |    1673 |      35 |   2.0 |      95 |      11 |  10.4
            +---------+---------+-------+---------+---------+-------
        D:1 |      43 |       0 |   0.0 |      25 |       0 |   0.0
        D:2 |      71 |       0 |   0.0 |      20 |       0 |   0.0
        D:3 |     135 |       0 |   0.0 |      18 |       0 |   0.0
        D:4 |     416 |      35 |   7.8 |      25 |      11 |  30.6
        D:5 |    1008 |       0 |   0.0 |       7 |       0 |   0.0
            +---------+---------+-------+---------+---------+-------
